 Dungeon Crawl Stone Soup version 0.25.0-26-g0c896c7088 (webtiles) character file.

Game seed: 17423757491364044363

431 sanka the Covert (level 6, -5/28 HPs)
             Began as a Spriggan Enchanter on June 30, 2020.
             Slain by a phantom (10 damage)
             ... on level 4 of the Dungeon.
             The game lasted 00:08:13 (4730 turns).

sanka the Covert (Spriggan Enchanter)               Turns: 4730, Time: 00:08:13

Health: -5/28      AC:  3    Str:  4    XL:     6   Next: 67%
Magic:  10/12      EV: 18    Int: 18    God:
Gold:   204        SH:  0    Dex: 17    Spells: 6/12 levels left

rFire    . . .     SeeInvis +   a - +1 dagger
rCold    + . .     Gourm    .   (shield restricted)
rNeg     . . .     Faith    .   b - +0 robe
rPois    .         Spirit   .   (helmet restricted)
rElec    .         Reflect  .   q - +0 cloak
rCorr    .         Harm     .   (gloves unavailable)
MR       +....                  (boots unavailable)
Stlth    +++++.....             (no amulet)
HPRegen  0.09/turn              l - ring of stealth
MPRegen  0.13/turn              n - ring of protection from cold

@: confusing touch, very quick
A: very small, unfitting armour, see invisible, herbivore, speed 3, slow
metabolism 2
a: no special abilities


You were on level 4 of the Dungeon.
You were not hungry.

You visited 1 branch of the dungeon, and saw 4 of its levels.

You collected 204 gold pieces.


Innate Abilities, Weirdness & Mutations

You are very small and have problems with some larger weapons.
You are too small for most types of armour.
You have supernaturally acute eyesight. (SInv)
You are a herbivore.
You cover ground extremely quickly.
You need to consume almost no food.


   Skills:
 - Level 5.0 Short Blades
 - Level 3.0 Dodging
 - Level 8.0 Stealth
 + Level 3.7 Spellcasting
 + Level 4.5 Hexes


You had 6 spell levels left.
You knew the following spells:

 Your Spells              Type           Power        Failure   Level  Hunger
x - Confusing Touch       Hex            ###.....     7%          3    ###....
z - Ensorcelled Hibernat  Hex/Ice        ##....       9%          2    ##.....
Z - Corona                Hex            ###....      2%          1    None

Your spell library contained the following spells:

 Spells                   Type           Power        Failure   Level  Hunger
 Slow                     Hex            ###.....     3%          2    ##.....
 Tukima's Dance           Hex            ###.....     7%          3    ###....
 Magic Dart               Conj           #...         16%         1    None
 Dazzling Flash           Conj/Hex       ##....       19%         3    ###....
 Blink                    Tloc           N/A          22%         2    ##.....
 Call Imp                 Summ           #.......     22%         2    ##.....
 Conjure Flame            Conj/Fire      #.......     41%         3    ###....
 Mephitic Cloud           Conj/Pois/Air  #.......     41%         3    ###....

Inventory:

Hand Weapons
 a - a +1 dagger (weapon)
Armour
 b - a +0 robe (worn)
 q - a +0 cloak (worn)
Jewellery
 l - a ring of stealth (left hand)
 n - a ring of protection from cold (right hand)
Wands
 s - a wand of clouds (3)
 t - a wand of iceblast (10)
Scrolls
 e - 2 scrolls of noise {unknown}
 f - a scroll of enchant armour {unknown}
 g - a scroll of remove curse {unknown}
 i - 3 scrolls of teleportation {unknown}
 k - 2 scrolls of amnesia {unknown}
 o - 4 scrolls of identify {unknown}
Potions
 c - a potion of heal wounds {unknown}
 h - 3 potions of ambrosia {unknown}
 j - 4 potions of might {unknown}
 m - 2 potions of haste {unknown}
 p - a potion of curing {unknown}
 r - a potion of cancellation {unknown}
 u - a potion of stabbing {unknown}
Comestibles
 d - 4 rations

Dungeon Overview and Level Annotations

Branches:
Dungeon (4/15)
 Temple: D:4-7

Altars:
Dithmenos
Elyvilon
Gozag
Kikubaaqudgha
Okawaru
Qazlal
Sif Muna
Trog
Yredelemnul
Zin
The Shining One

......▒....▒.........▒▒▒▒▒▒▒
......▒.▒..'................
.....▒▒.▒▒.▒.......▒.▒▒▒▒▒▒▒
...........▒.......'......▒
.....▒▒.▒▒▒▒.......▒..▒▒▒.▒
......▒.▒.......▒▒.▒..▒ ▒.▒
[.....▒.▒...).........▒ ▒.▒
......▒.▒..▒▒▒▒W▒▒'▒..▒ ▒.▒
......▒.▒..▒ ▒.i(....▒▒▒.▒
..).....▒).▒ ▒........▒▒.▒
.....▒▒▒▒▒▒▒▒▒▒.....▒..▒▒.▒
........o..........▒▒..▒▒.▒
.....▒▒▒▒▒▒▒▒▒▒▒....▒..▒▒.▒
.....▒▒▒............▒...▒.▒
.....(..............▒...▒.▒
.....▒▒▒.▒▒.........▒.▒>▒.▒
.....▒ ▒.▒▒.▒▒▒▒▒▒'▒▒.▒.▒.▒


You could see a phantom.


Message History

You feel sick.
You feel sick.
You feel sick.
You feel sick.
You feel sick.
You feel sick.
You feel sick.
You feel sick.
You are no longer poisoned.
There is a stone staircase leading down here.
A phantom comes into view.
The phantom hits you!
The phantom blinks!
The spell is quite dangerous to cast (7% risk of failure)!
Continue anyway?
Your hands begin to glow red.
You hit the phantom but do no damage. The phantom hits you!
* * * LOW HITPOINT WARNING * * *
You hit the phantom but do no damage.
The phantom hits you but does no damage.
You barely miss the phantom.
The phantom blinks!
There is a stone staircase leading up here.
You closely miss the phantom. The phantom hits you.
* * * LOW HITPOINT WARNING * * *
You hit the phantom but do no damage. You hit the phantom but do no damage.
The phantom hits you!
You die...

Action                   |  1- 3 |  4- 6 || total
-------------------------+-------+-------++-------
Melee: Dagger            |   101 |   105 ||   206
 Cast: Corona            |    11 |       ||    11
       Ensorcelled Hiber |    22 |    36 ||    58
       Confusing Touch   |       |     2 ||     2
 Stab: Sleeping          |    19 |    27 ||    46
       Distracted        |       |     1 ||     1
       Confused          |       |     3 ||     3
  Eat: Ration            |       |     4 ||     4
Armor: Robe              |    10 |     8 ||    18
Dodge: Dodged            |    88 |    60 ||   148

Levels and vault maps discovered:
D:1:      dpeg_arrival_another_circle, layout_basic, hangedman_decor_points,
          hangedman_glass_teeth, hangedman_decor_clover_reticule, minivault_27,
          st_stairs_8
D:2:      layout_rooms, tgw_trog, yredelemnul_forgotten_temple_becter,
          first_ration
D:3:      layout_basic, uniq_natasha, uniq_ijyb
D:4:      layout_basic, old_standard_altar, kiku_gazebo_garden_becter,
          minitemple

Notes
Turn   | Place    | Note
-------+----------+-------------------------------------------
     0 | D:1      | sanka the Spriggan Enchanter began the quest for the Orb.
     0 | D:1      | Reached XP level 1. HP: 9/9 MP: 5/5
   313 | D:1      | Reached XP level 2. HP: 8/13 MP: 3/6
   341 | D:1      | Reached skill level 5 in Stealth
   539 | D:1      | Reached skill level 2 in Short Blades
   689 | D:1      | Learned a level 2 spell: Ensorcelled Hibernation
  1509 | D:2      | Reached XP level 3. HP: 16/16 MP: 5/8
  1625 | D:2      | Noticed a moth of wrath
  1628 | D:2      | Found a bloodstained altar of Trog.
  1767 | D:2      | Learned a level 3 spell: Confusing Touch
  1803 | D:2      | Reached skill level 3 in Short Blades
  1803 | D:2      | Reached skill level 6 in Stealth
  1994 | D:2      | Reached XP level 4. HP: 21/21 MP: 6/9
  2185 | D:2      | Found a basalt altar of Yredelemnul.
  2787 | D:3      | Noticed Natasha
  2792 | D:3      | Killed Natasha
  3031 | D:3      | Noticed Ijyb
  3037 | D:3      | Reached skill level 7 in Stealth
  3037 | D:3      | Reached XP level 5. HP: 24/24 MP: 5/10
  3506 | D:3      | Killed Ijyb
  3506 | D:3      | Reached skill level 4 in Short Blades
  3965 | D:4      | Noticed a hungry ghost
  3982 | D:4      | Killed a hungry ghost
  3982 | D:4      | Reached skill level 5 in Short Blades
  3982 | D:4      | Reached skill level 8 in Stealth
  3982 | D:4      | Reached skill level 3 in Spellcasting
  3982 | D:4      | Reached skill level 4 in Hexes
  3982 | D:4      | Reached XP level 6. HP: 21/28 MP: 8/11
  4231 | D:4      | Found an opulent altar of Gozag.
  4299 | D:4      | Found an ancient bone altar of Kikubaaqudgha.
  4376 | D:4      | Found an iron altar of Okawaru.
  4376 | D:4      | Found a shadowy altar of Dithmenos.
  4377 | D:4      | Found a glowing golden altar of the Shining One.
  4377 | D:4      | Found a white marble altar of Elyvilon.
  4378 | D:4      | Found a shimmering blue altar of Sif Muna.
  4381 | D:4      | Found a stormy altar of Qazlal.
  4431 | D:4      | Found a glowing silver altar of Zin.
  4730 | D:4      | Slain by a phantom

Vanquished Creatures
  A hungry ghost (D:4)
  A centaur skeleton (D:4)
  An orc wizard (D:4)
  An iguana (D:4)
  Natasha (D:3)
  2 worker ants (D:4)
  5 adders
  2 oozes
  An adder skeleton (D:4)
  4 worms
  A dart slug (D:1)
  A leopard gecko (D:3)
  4 orcs
  A ball python (D:2)
  2 giant cockroaches
  7 goblins
  5 hobgoblins
  2 jackals (D:1)
  2 quokkas
  5 bats
  3 frilled lizards
  11 kobolds
  4 rats
  A spectral orc (D:2)
68 creatures vanquished.

Vanquished Creatures (others)
  Ijyb (D:3)
1 creature vanquished.

Grand Total: 69 creatures vanquished
